 Dungeon Crawl Stone Soup version 0.32-a0-859-gb0a091d592 (webtiles) character file.

Game seed: 7040884618085996102

178 epen the Chiller (level 5, 0/41 HPs)
             Began as a Ghoul Ice Elementalist on Mar 26, 2024.
             Slain by Pikel
             ... wielding a +0 whip of freezing
              (3 damage)
             ... on level 4 of the Dungeon on Mar 27, 2024.
             The game lasted 00:05:07 (2906 turns).

epen the Chiller (Ghoul Ice Elementalist)           Turns: 2906, Time: 00:05:07

Health: 0/41       AC:  3    Str: 12    XL:     5   Next: 58%
Magic:  3/8        EV: 11    Int: 14    God:
Gold:   150        SH:  0    Dex: 11    Spells: 2/9 levels left

rFire   . .          .
                       - Unarmed
rCold   + . .        (no shield)
rNeg    + + +        a - +0 robe
rPois   ∞            (no helmet)
rElec   .            (no cloak)
rCorr   .            (no gloves)
SInv    .            c - +0 pair of boots
Will    .....        (no amulet)
Stlth   ++           (no ring)
HPRegen 0.00/turn    (no ring)
MPRegen 0.11/turn

%: no passive effects
@: freezing walls, inhibited regen
A: claws 1, cold resistance 1, negative energy resistance 3, inhibited
regeneration, torment resistance 2, devour on kill
a: no special abilities


You were on level 4 of the Dungeon.
You visited 1 branch of the dungeon, and saw 4 of its levels.

You collected 150 gold pieces.

Inventory:

Armour
 a - a +0 robe (worn)
 c - a +0 pair of boots (worn)
Wands
 k - a wand of polymorph (9)
Scrolls
 f - 2 scrolls of enchant weapon
Potions
 b - a potion of magic
 j - 2 potions of enlightenment
 l - a potion of mutation {unknown}
 n - a potion of might {unknown}


   Skills:
 + Level 2.2 Fighting
 + Level 2.6 Dodging
 - Level 2.3 Stealth
 + Level 2.1 Unarmed Combat
 + Level 2.5 Spellcasting
 + Level 5.1 Ice Magic


You had 2 spell levels left.
You knew the following spells:

 Your Spells              Type           Power      Damage    Failure   Level
a - Freeze                Ice            64%        1d7       2%          1
b - Frozen Ramparts       Ice            32%        1d5       9%          3
c - Ozocubu's Armour      Ice            16%        N/A       9%          3

Your spell library contained the following spells:

 Spells                   Type           Power      Damage    Failure   Level
 Shock                    Conj/Air       4%         1d3       22%         1
 Blink                    Tloc           2%         N/A       34%         2
 Lesser Beckoning         Tloc           2%         N/A       34%         2
 Momentum Strike          Conj/Tloc      2%         3d8       34%         2
 Summon Ice Beast         Ice/Summ       9%         N/A       24%         3
 Swiftness                Air            1%         N/A       56%         3
 Airstrike                Air            0%         2d(1-17)  92%         4


Dungeon Overview and Level Annotations

Branches:
Dungeon (4/15)
 Temple: D:4-7

Altars:
Hepliaklqana

Annotations:
D:4 Pikel


Innate Abilities, Weirdness & Mutations

You are immune to poison.
You have sharp fingernails.
Your flesh is cold resistant. (rC+)
You are immune to negative energy. (rN+++)
You do not regenerate when monsters are visible.
You are immune to unholy pain and torment.
You thrive by killing the living.


Message History

Pikel hits you with a +0 whip of freezing.
The wall freezes the lemure but does no damage.
The wall freezes the lemure.
The lemure misses you.
The wall freezes the lemure.
The lemure hits you but does no damage.
You scratch Pikel but do no damage.
Pikel is lightly wounded.
The wall freezes Pikel but does no damage.
Pikel hits you with a +0 whip of freezing.
The wall freezes the lemure.
The lemure misses you.
The wall freezes the lemure but does no damage.
The lemure hits you.
You miss Pikel.
Pikel is lightly wounded.
The wall freezes Pikel.
Pikel barely misses you.
The wall freezes the lemure.
The wall freezes the lemure but does no damage.
The lemure hits you!
The wall freezes the lemure.
You kill the lemure!
That felt strangely unrewarding.
You closely miss Pikel.
Pikel is lightly wounded.
The wall freezes Pikel.
Pikel hits you with a +0 whip of freezing.
The wall freezes the lemure.
The lemure closely misses you.
You scratch Pikel but do no damage.
Pikel is moderately wounded.
The wall freezes the lemure but does no damage.
The lemure hits you.
* * * LOW HITPOINT WARNING * * *
The wall freezes Pikel but does no damage.
Pikel hits you but does no damage.
The wall freezes the lemure but does no damage.
The lemure hits you!
* * * LOW HITPOINT WARNING * * *
You scratch Pikel.
Pikel is moderately wounded.
The wall freezes the lemure but does no damage.
The lemure barely misses you.
The wall freezes Pikel.
Pikel hits you with a +0 whip of freezing.
You die...
Pikel says, "Another soul for the market."

......#..................'....#
......#..................#....#
..########.##..##..##....# 5..#
#'#### ###.##..###'##....# K.#
.....# ..................# .#
.....# ..................+ #
.##### .###....###'#######
.##.#######....##K........
.........+......@55.......
.........#......#5........
.###.######..####.........
####.######..# ....##+###
..#..........# ....+
..#..........# .....#
.<#..........# .....#
..#..........# ...#
####..########


You could see Pikel and 3 lemures.

Vanquished Creatures
  A lemure (D:4)
  Jessica (D:2)
  An orc wizard (D:3)
  5 adders
  A gnoll (D:1)
  2 ribbon worms (D:2)
  2 orcs (D:3)
  2 ball pythons
  5 endoplasms
  5 giant cockroaches
  3 goblins
  11 hobgoblins
  3 jackals (D:2)
  8 kobolds
  3 quokkas
  4 bats
  5 frilled lizards
  A jackal zombie (D:4)
  4 rats
67 creatures vanquished.

Notes
Turn   | Place    | Note
-------+----------+-------------------------------------------
     0 | D:1      | epen the Ghoul Ice Elementalist began the quest for the
                  | Orb.
     0 | D:1      | Reached XP level 1. HP: 14/14 MP: 3/3
    32 | D:1      | You fall into a shaft and drop 1 floor!
    35 | D:2      | Noticed Jessica
   241 | D:1      | Reached XP level 2. HP: 17/22 MP: 4/4
   575 | D:1      | Reached XP level 3. HP: 27/27 MP: 1/6
   581 | D:1      | Reached skill level 1 in Fighting
   591 | D:1      | Reached skill level 1 in Unarmed Combat
   905 | D:1      | Learned a level 3 spell: Frozen Ramparts
  1373 | D:2      | Reached XP level 4. HP: 30/35 MP: 3/7
  1481 | D:2      | Killed Jessica
  1781 | D:2      | Reached skill level 5 in Ice Magic
  1871 | D:2      | Reached XP level 5. HP: 36/41 MP: 4/8
  2555 | D:3      | Found a hazy altar of Hepliaklqana.
  2809 | D:4      | Learned a level 3 spell: Ozocubu's Armour
  2815 | D:4      | Upgraded the game from 0.32-a0-841-g4648e6c457 to
                  | 0.32-a0-859-gb0a091d592
  2874 | D:4      | Noticed Pikel
  2874 | D:4      | Noticed a lemure
  2887 | D:4      | Noticed a lemure
  2889 | D:4      | Noticed a lemure
  2891 | D:4      | Noticed a lemure
  2903 | D:4      | Killed a lemure
  2906 | D:4      | Slain by Pikel

Illustrated notes

Levels and vault maps discovered:
D:1:      amcnicky_arrival_blooded_trapdoor, layout_loops_ring,
          chequers_serial_rivers_large_b
D:2:      layout_basic, uniq_jessica
D:3:      layout_loops_ring, mainiacjoe_overflow_chevrons,
          minmay_tree_intersection
D:4:      layout_gridville, serial_undead, serial_undead_a, serial_undead_a,
          serial_undead_c, serial_undead_c, portal_sewer_entry_f, uniq_pikel

Skill      XL: |  1  2  3  4  5 |
---------------+----------------+-----
Dodging        | 2 |  2.6
Spellcasting   | 2 |  2.5
Fighting       | 1 2 |  2.2
Unarmed Combat | 1 2 |  2.1
Ice Magic      | 5 |  5.1
Stealth        | |  2.3

Action                     |  1- 3 |  4- 6 || total
---------------------------+-------+-------++-------
  Melee: Unarmed           |   101 |   114 ||   215
         Punch             |     2 |       ||     2
   Cast: Freeze            |    25 |     4 ||    29
         Frozen Ramparts   |       |     9 ||     9
    Use: Scroll            |       |     6 ||     6
         Potion            |       |     1 ||     1
   Stab: Sleeping          |     4 |     3 ||     7
 Armour: Robe              |    76 |    96 ||   172
  Dodge: Dodged            |    61 |    93 ||   154

Table legend: (Time is in decaauts)
 A = Elapsed time spent in this place.
 B = Non-inter-level travel time spent in this place.
 C = Inter-level travel time spent in this place.
 D = Time resting spent in this place.
 E = Time spent auto-exploring this place.
 F = Levels seen in this place.
 G = Mean time per level.
                   A        B        C        D        E       F      G
               +--------+--------+--------+--------+--------+-----+--------+
         Total |   2947 |   2901 |     46 |    278 |   2016 |   4 |  736.8 |
       Dungeon |   2947 |   2901 |     46 |    278 |   2016 |   4 |  736.8 |
               +--------+--------+--------+--------+--------+-----+--------+

Top non-repeatable levels by time:
     D:1: 1134 daAuts
     D:2: 957 daAuts
     D:3: 699 daAuts
     D:4: 156 daAuts
